 Dungeon Crawl Stone Soup version 0.19.4-9-g45fd643 (webtiles) character file.

270 Gorglomux the Ruffian (level 6, -1/59 HPs)
             Began as a Troll Monk on Feb 19, 2017.
             Slain by Grinder (10 damage)
             ... on level 4 of the Dungeon.
             The game lasted 00:02:32 (2231 turns).

Gorglomux the Ruffian (Troll Monk)                  Turns: 2231, Time: 00:02:33

Health: -1/59      AC:  7    Str: 22    XL:     6   Next: 1%
Magic:  5/5        EV: 10    Int:  6    God:
Gold:   161        SH:  0    Dex: 12    Spells: 0 memorised, 5 levels left

rFire  + . .     SeeInvis .       - Unarmed
rCold  . . .     Gourm    +     u - +1 robe {rF+}
rNeg   . . .     Faith    .     (no shield)
rPois  .         Spirit   .     (helmet restricted)
rElec  .         Reflect  .     j - +0 cloak {+Inv}
rCorr  .         Harm     .     (gloves unavailable)
MR     .....                    (boots unavailable)
Stlth  ++........               g - amulet of the gourmand
                                (no ring)
                                (no ring)

@: no status effects
A: unfitting armour, claws 3, fast metabolism 3, gourmand, regeneration 1,
shaggy fur 1, tough skin 2
a: Evoke Invisibility


You were on level 4 of the Dungeon.
You were completely stuffed.

You visited 1 branch of the dungeon, and saw 4 of its levels.

You collected 161 gold pieces.

Inventory:

Missiles
 y - 4 tomahawks (quivered)
 Z - a throwing net
Armour
 a - a +0 robe
 j - a +0 cloak of invisibility (worn)
 u - a +1 robe of fire resistance (worn)
Magical Staves
 w - an uncursed staff of cold {unknown}
Jewellery
 g - an amulet of the gourmand (around neck)
Scrolls
 e - a scroll of noise {unknown}
 i - a scroll of random uselessness {unknown}
 k - a scroll of remove curse {unknown}
 m - a scroll of immolation {unknown}
 s - a scroll of fog {unknown}
 t - a scroll of fear {unknown}
 R - a scroll of identify
 T - 4 scrolls of teleportation
Potions
 f - a potion of curing
 o - a potion of invisibility {unknown}
 r - a potion of degeneration {unknown}
 x - a potion of lignification {unknown}
 U - a potion of cancellation {unknown}
Comestibles
 b - 2 bread rations
 n - 2 beef jerkies
 p - 5 meat rations
 q - 3 chunks of flesh
 v - a slice of pizza


   Skills:
 - Level 2.4 Fighting
 - Level 2.4 Dodging
 - Level 1.0 Stealth
 + Level 6.8 Unarmed Combat


You had 5 spell levels left.
You didn't know any spells.

Dungeon Overview and Level Annotations

Branches:
Dungeon (4/15)
 Temple: D:4-7

Altars:
Vehumet

Annotations:
D:4 Grinder


Innate Abilities, Weirdness & Mutations

You are too large for most types of armour.
You have claws for hands.
Your metabolism is lightning-fast.
You like to eat raw meat.
Your natural rate of healing is unusually fast.
You are covered in fur. (AC +1)
You have very tough skin. (AC +2)


Message History

Grinder is severely wounded.
Grinder hits you!
You writhe in agony.
You closely miss Grinder.
Grinder is severely wounded.
Grinder hits you.
You writhe in agony.
* * * LOW HITPOINT WARNING * * *
You claw Grinder!
Grinder is severely wounded.
Grinder hits you.
* * * LOW HITPOINT WARNING * * *
You writhe in agony.
* * * LOW HITPOINT WARNING * * *
You feel better. Grinder hits you.
* * * LOW HITPOINT WARNING * * *
You writhe in agony.
* * * LOW HITPOINT WARNING * * *
You barely miss Grinder.
Grinder is severely wounded.
Grinder hits you!
You die...

#.......## #........#
##........# ####
#.........# ####..#
#..........
###..##.####..†.....#
#......#....#....####
##........##...####
#...5@....###...##
#..........###...#
#.........### ##..##
#.....#.### #...#
.........# ##..##
........## ##..##
........ #...#
....... ##..## ##..#


You could see Grinder.

Vanquished Creatures
  A scorpion (D:4)
  2 orc priests (D:3)
  A worker ant (D:4)
  7 adders
  2 oozes (D:3)
  An adder skeleton (D:4)
  A worm (D:3)
  2 dart slugs (D:1)
  5 orcs (D:3)
  4 giant cockroaches
  5 goblins
  5 hobgoblins
  6 jackals (D:3)
  7 kobolds
  A quokka (D:4)
  8 bats
  4 frilled lizards
  4 rats
66 creatures vanquished.

Notes
Turn   | Place    | Note
-------+----------+-------------------------------------------
     0 | D:1      | Gorglomux the Troll Monk began the quest for the Orb.
     0 | D:1      | Reached XP level 1. HP: 22/22 MP: 0/0
   184 | D:1      | Reached XP level 2. HP: 26/29 MP: 1/1
   721 | D:2      | Reached skill level 4 in Unarmed Combat
   774 | D:2      | Reached XP level 3. HP: 36/36 MP: 2/2
  1081 | D:2      | Reached skill level 5 in Unarmed Combat
  1081 | D:2      | Reached XP level 4. HP: 44/44 MP: 3/3
  1628 | D:3      | Found a radiant altar of Vehumet.
  1914 | D:3      | Reached XP level 5. HP: 35/50 MP: 4/4
  2022 | D:3      | Reached skill level 6 in Unarmed Combat
  2202 | D:4      | Reached XP level 6. HP: 59/59 MP: 5/5
  2213 | D:4      | Noticed Grinder
  2231 | D:4      | Slain by Grinder

Skill      XL: |  1  2  3  4  5 |
---------------+----------------+-----
Unarmed Combat | 4 5 6 |  6.8
Fighting       | |  2.4
Dodging        | |  2.4
Stealth        | |  1.0

Action                   |  1- 3 |  4- 6 || total
-------------------------+-------+-------++-------
Melee: Unarmed           |    64 |   115 ||   179
       Punch             |     1 |     4 ||     5
  Use: Scroll            |       |     2 ||     2
       Potion            |       |     1 ||     1
 Stab: Sleeping          |     1 |     4 ||     5
  Eat: Chunk             |    15 |    11 ||    26
Armor: Robe              |    24 |    45 ||    69
Dodge: Dodged            |    29 |    53 ||    82
